 Dungeon Crawl Stone Soup version 0.28-a0-664-gc179e30c89 (webtiles) character file.

Game seed: 4618745206151307065

74 sanka the Distorting Palentonga (level 4, -2/37 HPs)
             Began as a Palentonga Abyssal Knight on Oct 15, 2021.
             Was a Believer of Lugonu.
             Slain by a gnoll (10 damage)
             ... on level 2 of the Dungeon.
             The game lasted 00:02:14 (1600 turns).

sanka the Distorting Palentonga (PaAK)              Turns: 1600, Time: 00:02:15

Health: -2/37      AC:  5    Str: 17    XL:     4   Next: 10%
Magic:  7/7        EV:  9    Int: 10    God:    Lugonu [**....]
Gold:   47         SH:  0    Dex: 11    Spells: 3/3 levels left

rFire   . . .      SeeInvis +   a - +1 hand axe
rCold   . . .      Faith    .   (no shield)
rNeg    . . .      Spirit   .   b - +0 leather armour
rPois   .          Reflect  .   (no helmet)
rElec   .          Harm     .   g - +0 cloak
rCorr   .          Rampage  .   (no gloves)
Will    .....                   (no barding)
Stlth   +.........              (no amulet)
HPRegen 0.12/turn               (no ring)
MPRegen 0.10/turn               (no ring)

@: no status effects
A: large, rugged brown scales 3, see invisible, deformed body, roll 1, armoured
tail
a: Rolling Charge, Renounce Religion, Depart the Abyss, Bend Space


You were on level 2 of the Dungeon.
You worshipped Lugonu.
Lugonu was pleased with you.
You visited 1 branch of the dungeon, and saw 2 of its levels.
You visited the Abyss 1 time.

You collected 47 gold pieces.


Innate Abilities, Weirdness & Mutations

You are completely covered in rugged brown scales. (AC +3, +7% HP)
You have supernaturally acute eyesight. (SInv)
Armour fits poorly on your strangely shaped body.
You can roll at nearby foes to attack.
You have a long armoured tail.


   Skills:
 - Level 3.0 Fighting
 - Level 2.0 Axes
 - Level 1.5 Armour
 - Level 0.7 Dodging
 + Level 4.8 Invocations


You had 3 spell levels left.
You didn't know any spells.
Your spell library was empty.

Inventory:

Hand Weapons
 a - a +1 hand axe (weapon)
Armour
 b - a +0 leather armour (worn)
 g - a +0 cloak (worn)
Scrolls
 f - a scroll of identify {unknown}
 h - a scroll of torment {unknown}
Potions
 c - a potion of curing {unknown}
 d - a potion of lignification {unknown}
 e - a potion of attraction {unknown}

Dungeon Overview and Level Annotations

Branches:
Dungeon (2/15)

Altars:
Okawaru

Shops:
D:1

? ▒.▒▒......▒ ▒....)....▒▒
▒▒▒▒▒..........▒
▒.g...▒▒.▒▒▒▒▒.▒ ▒.▒▒▒▒▒▒.▒
.▒ ▒.▒ ▒.▒ ▒▒.. ▒▒▒▒▒▒▒▒▒
▒.▒ ▒.▒▒▒▒... ▒.......▒▒▒.▒
▒.▒...... ▒........Hg.▒
▒.†...... ▒▒.......▒▒▒▒▒
▒▒▒▒▒...... ▒.........▒
▒▒.▒▒....... ▒..........▒
▒▒..)........
▒...........▒▒▒............
▒.......>..................
▒.▒▒▒.......▒▒......8......
▒.▒ ▒▒.▒▒..▒▒▒.▒▒..........
▒.▒▒▒...▒▒▒▒▒...▒.▒........


You could see a gnoll.


Message History

The gnoll hits you with a +0 whip.
You slash the gnoll!
The gnoll is almost dead.
The gnoll hits you with a +0 whip.
You hit the gnoll.
You kill the gnoll!
Lugonu accepts your kill.
You hit the gnoll.
Your tail-slap misses the gnoll.
The gnoll is lightly wounded.
The gnoll hits you with a +0 whip.
You hit the gnoll. You tail-slap the gnoll.
You kill the gnoll!
Lugonu accepts your kill.
You have reached level 4!
You feel agile.
You hit the gnoll but do no damage.
The gnoll hits you with a +2 flail of protection!
* * * LOW HITPOINT WARNING * * *
You hit the gnoll.
The gnoll is heavily wounded.
The gnoll barely misses you.
The gnoll hits you with a +2 flail of protection!
* * * LOW HITPOINT WARNING * * *
You closely miss the gnoll.
You tail-slap the gnoll, but do no damage.
The gnoll is heavily wounded.
The gnoll hits you with a +2 flail of protection!
You die...

Action                   |  1- 3 |  4- 6 || total
-------------------------+-------+-------++-------
Melee: Hand axe          |   103 |     3 ||   106
       Tailslap          |    10 |     1 ||    11
 Abil: Rolling Charge    |    22 |       ||    22
Armor: Leather armour    |    39 |       ||    39
Dodge: Dodged            |    35 |     1 ||    36

Levels and vault maps discovered:
D:1:      ncdulo_wetmaze, layout_basic, serial_shops, shop,
          hellmonk_ecumenical_altar_zigzags, kennysheep_pointless_box
D:2:      layout_loops_ring, basic_altar, minmay_misc_feat_rugged,
          grunt_ministairs_3, minmay_misc_feat_tower,
          kennysheep_decorative_pillar

Notes
Turn   | Place    | Note
-------+----------+-------------------------------------------
     0 | Abyss:1  | sanka the Palentonga Abyssal Knight began the quest for the
                  | Orb.
     0 | Abyss:1  | Reached XP level 1. HP: 19/19 MP: 2/2
    13 | D:1      | Escaped the Abyss
   233 | D:1      | Reached XP level 2. HP: 23/25 MP: 4/4
   277 | D:1      | Reached skill level 3 in Invocations
   585 | D:1      | Found Xetz's Magic Scroll Emporium.
   625 | D:1      | Reached ** piety under Lugonu
   635 | D:1      | Reached XP level 3. HP: 21/31 MP: 5/5
   816 | D:1      | Found a faded altar of an unknown god.
  1163 | D:2      | Reached skill level 4 in Invocations
  1565 | D:2      | Found an iron altar of Okawaru.
  1598 | D:2      | Reached XP level 4. HP: 26/37 MP: 7/7
  1600 | D:2      | Slain by a gnoll

Vanquished Creatures
  2 gnolls (D:2)
  2 dart slugs (D:2)
  4 bats
  4 endoplasms
  A giant cockroach (D:2)
  5 goblins (D:1)
  5 hobgoblins
  6 jackals
  5 quokkas
  3 ball pythons
  2 frilled lizards (D:2)
  2 kobolds
  5 rats
46 creatures vanquished.
